 Dungeon Crawl Stone Soup version 0.23-a0-139-ga22e90c45f (webtiles) character file.

93 Jesh the Vexing (level 4, -1/21 HPs)
             Began as a Spriggan Enchanter on Aug 30, 2018.
             Slain by a gnoll (4 damage)
             ... on level 2 of the Dungeon.
             The game lasted 00:07:50 (2820 turns).

Jesh the Vexing (Spriggan Enchanter)                Turns: 2820, Time: 00:07:51

Health: -1/21      AC:  2    Str:  4    XL:     4   Next: 36%
Magic:  5/11       EV:  9    Int: 17    God:
Gold:   104        SH:  0    Dex: 16    Spells: 2/11 levels left

rFire    . . .     SeeInvis +   a - +1 dagger
rCold    . . .     Gourm    .   (shield restricted)
rNeg     . . .     Faith    .   b - +0 robe
rPois    .         Spirit   .   (helmet restricted)
rElec    .         Reflect  .   (no cloak)
rCorr    .         Harm     .   (gloves unavailable)
MR       .....                  (boots unavailable)
Stlth    +++.......             (no amulet)
HPRegen  0.07/turn              (no ring)
MPRegen  0.12/turn              (no ring)

@: very slightly contaminated, held, very quick
A: very small, unfitting armour, see invisible, herbivore, speed 3, slow
metabolism 2
a: no special abilities


You were on level 2 of the Dungeon.
You were not hungry.

You visited 1 branch of the dungeon, and saw 2 of its levels.

You collected 104 gold pieces.

Inventory:

Hand Weapons
 a - a +1 dagger (weapon)
Armour
 b - a +0 robe (worn)
Scrolls
 h - 2 scrolls of identify
Potions
 e - a potion of curing
 f - a potion of might
 g - a potion of agility
Comestibles
 d - 4 rations


   Skills:
 - Level 1.1 Short Blades
 - Level 3.0 Dodging
 - Level 4.4 Stealth
 + Level 4.4 Spellcasting
 + Level 5.1 Hexes


You had 2 spell levels left.
You knew the following spells:

 Your Spells              Type           Power        Failure   Level  Hunger
a - Ensorcelled Hibernat  Hex/Ice        ##....       8%          2    ##.....
b - Corona                Hex            ###....      1%          1    None
c - Confuse               Hex            ###.....     5%          3    ###....
d - Tukima's Dance        Hex            ###.....     5%          3    ###....

Your spell library contained the following spells:

 Spells                   Type           Power        Failure   Level  Hunger
 Dazzling Spray           Conj/Hex       ##....       16%         3    ###....


Dungeon Overview and Level Annotations

Branches:
Dungeon (2/15)

Altars:


Innate Abilities, Weirdness & Mutations

You are very small and have problems with some larger weapons.
You are too small for most types of armour.
You have supernaturally acute eyesight. (SInv)
You are a herbivore.
You cover ground extremely quickly.
You need to consume almost no food.


Message History

Press: ? - help, Shift-Dir - straight line, f/p - gnoll
Aim: a gnoll (chance to defeat MR: 51%)
The gnoll resists with some effort.
The gnoll completely misses you.
The gnoll throws a throwing net.
The throwing net hits you.
You become entangled in the net!
You see here a throwing net.
You struggle against the net.
Unknown command.
Casting: Ensorcelled Hibernation (safe; 8% risk of failure)
Confirm with . or Enter, or press ? or * to list all spells.
Aiming: Ensorcelled Hibernation (safe; 8% risk of failure)
Press: ? - help, Shift-Dir - straight line, f - gnoll, p - gnoll
Aim: a gnoll, wielding a flail (chance to defeat MR: 51%)
The gnoll resists with some effort.
The gnoll hits you! The gnoll hits you with a flail.
You struggle against the net.
The gnoll barely misses you. The gnoll hits you with a flail.
* * * LOW HITPOINT WARNING * * *
You struggle against the net.
The gnoll hits you.
You die...

##########.........#. ...
..#..#####.... ..
#.#..#...#.... ..
#.#..#.#.#.... #.
#.#..#)..#..#. ### #.
###.#....#....#.
....##.####......#.#......
........g.....####........
........g@....##.###.###..
........g.....##.......#..
..........#.#.##.#...#.#..
.........(#.#..........#.#
..........#.####.>...###.#
######............#......#
######.#####.#.######
#.......#.#..#..
#...##..#.#..#.#


You could see 3 gnolls.

Vanquished Creatures
  Terence (D:2)
  An adder (D:2)
  An ooze (D:1)
  2 dart slugs (D:1)
  3 orcs (D:2)
  3 bats (D:2)
  6 giant cockroaches
  9 goblins
  5 hobgoblins (D:2)
  A ball python (D:1)
  A frilled lizard (D:2)
  6 kobolds
  2 rats (D:1)
41 creatures vanquished.

Vanquished Creatures (collateral kills)
  An orc (D:2)
1 creature vanquished.

Grand Total: 42 creatures vanquished

Notes
Turn   | Place    | Note
-------+----------+-------------------------------------------
     0 | D:1      | Jesh the Spriggan Enchanter began the quest for the Orb.
     0 | D:1      | Reached XP level 1. HP: 9/9 MP: 5/5
   634 | D:1      | Reached skill level 4 in Hexes
   759 | D:1      | Reached XP level 2. HP: 9/13 MP: 5/7
   794 | D:1      | Learned a level 2 spell: Ensorcelled Hibernation
  1664 | D:1      | Reached XP level 3. HP: 13/16 MP: 9/9
  1669 | D:1      | Learned a level 3 spell: Confuse
  1673 | D:1      | Learned a level 3 spell: Tukima's Dance
  1939 | D:2      | Noticed Terence
  1955 | D:2      | Killed Terence
  2108 | D:2      | Reached XP level 4. HP: 17/21 MP: 11/11
  2201 | D:2      | Reached skill level 5 in Hexes
  2235 | D:2      | HP: 1/21 [poisoned by an orc]
  2820 | D:2      | Slain by a gnoll

Vault maps used:
D:1:      wheals_arrival_linesprint, moated_statue,
          minmay_misc_feat_four_crosses
D:2:      grunt_dithmenos_smoke_and_mirrors, uniq_terence

Skill      XL: |  1  2  3  4 |
---------------+-------------+-----
Spellcasting   | 3 4 |  4.4
Hexes          | 4 5 |  5.1
Short Blades   | |  1.1
Dodging        | |  3.0
Stealth        | |  4.4

Action                   |  1- 3 |  4- 6 || total
-------------------------+-------+-------++-------
Melee: Dagger            |   160 |    32 ||   192
 Cast: Corona            |    11 |       ||    11
       Ensorcelled Hiber |    14 |     5 ||    19
       Tukima's Dance    |     1 |     1 ||     2
       Confuse           |     1 |       ||     1
  Use: Scroll            |     6 |     1 ||     7
 Stab: Sleeping          |     9 |     5 ||    14
       Confused          |     1 |       ||     1
  Eat: Ration            |       |     1 ||     1
Armor: Robe              |    12 |     1 ||    13
Dodge: Dodged            |   138 |    34 ||   172

Table legend:
 A = Non-vault XP
 B = Vault XP
 C = Vault XP percentage of total XP
 D = Non-vault monster count
 E = Vault monster count
 F = Vault count percentage of total count
                 A         B        C        D         E       F
            +---------+---------+-------+---------+---------+-------
      Total |      97 |      36 |  27.1 |      41 |       1 |   2.4
            +---------+---------+-------+---------+---------+-------
        D:1 |      46 |       0 |   0.0 |      21 |       0 |   0.0
        D:2 |      51 |      36 |  41.4 |      20 |       1 |   4.8
            +---------+---------+-------+---------+---------+-------
